 Dungeon Crawl Stone Soup version 0.17-a0-1575-g9a29ec8 (webtiles) character file.

210 Eldritch the Ruffian (level 5, -15/79 HPs)
             Began as a Troll Berserker on July 26, 2015.
             Was a Priest of Trog.
             Demolished by an ogre
             ... wielding a +0 giant club
              (30 damage)
             ... on level 4 of the Dungeon.
             The game lasted 00:09:33 (2613 turns).

Eldritch the Ruffian (Troll Berserker)              Turns: 2613, Time: 00:09:33

Health: -15/79     AC:  5    Str: 31    XL:     5   Next: 56%
Magic:  4/4        EV: 10    Int:  3    God:    Trog [***...]
Gold:   187        SH:  0    Dex:  9    Spells: 0 memorised, 4 levels left

rFire  . . .     SeeInvis +       - Unarmed
rCold  . . .     Clarity  .     a - +0 animal skin
rNeg   + . .     SustAt   .     (no shield)
rPois  .         Gourm    +     (helmet restricted)
rElec  .         Spirit   .     (no cloak)
rCorr  .         Warding  .     (gloves unavailable)
rMut   .         Stasis   .     (boots unavailable)
MR     .....                    (no amulet)
Stlth  ..........               l - ring of see invisible
                                h - ring of positive energy

@: berserking, very quick, not resistant to hostile enchantments, extremely
unstealthy
A: unfitting armour, claws 3, fast metabolism 3, gourmand, regeneration 2,
shaggy fur 1, tough skin 2
a: Burn Spellbooks, Berserk, Trog's Hand, Renounce Religion


You were on level 4 of the Dungeon.
You worshipped Trog.
Trog was most pleased with you.
You were not hungry.

You visited 1 branch of the dungeon, and saw 4 of its levels.

You collected 187 gold pieces.

Inventory:

Hand weapons
 e - a +1 short sword of draining
Armour
 a - a +0 animal skin (worn)
Jewellery
 h - a ring of positive energy (left claw)
 l - a ring of see invisible (right claw)
Scrolls
 m - a scroll of identify
 o - a scroll of enchant armour {unknown}
 p - a scroll of fog {unknown}
 q - 2 scrolls of remove curse {unknown}
Potions
 c - a potion of flight {unknown}
 d - a potion of invisibility {unknown}
 g - a potion of might {unknown}
 i - a potion of ambrosia {unknown}
 j - a potion of resistance {unknown}
 k - 2 potions of curing {unknown}
 n - 2 potions of heal wounds {unknown}
 r - a potion of berserk rage {unknown}
 s - 2 potions of lignification {unknown}
Comestibles
 b - 10 chunks of flesh
 f - 6 fruits
 t - a slice of pizza


   Skills:
 + Level 3.0 Fighting
 + Level 3.8 Dodging
 + Level 0.4 Stealth
 + Level 4.4 Unarmed Combat


You had 4 spell levels left.
You didn't know any spells.

Dungeon Overview and Level Annotations

Branches:
Dungeon (4/15)             Temple (0/1) D:4

Altars:
Ashenzari
Kikubaaqudgha
Makhleb
Sif Muna
Trog


Innate Abilities, Weirdness & Mutations

You are too large for most types of armour.
You have claws for hands.
Your metabolism is lightning-fast.
You like to eat raw meat.
You heal very quickly.
You are covered in fur (AC +1).
You have very tough skin (AC +2).


Message History

This raw flesh tastes great.
You continue eating. x2
You start waiting.
You feel yourself speed up.
You start waiting.
You feel less exhausted.
Found a stone staircase leading down and a stone staircase leading up.
An ogre comes into view. It is wielding a giant club.
The ogre hits you with a giant club!!
Found a scroll of identify.
You claw the ogre!
The ogre begins to bleed from its wounds!
The ogre is severely wounded.
The ogre hits you with a giant club!!
* * * LOW HITPOINT WARNING * * *
Use which ability? (? or * to list)
A red film seems to cover your vision as you go berserk!
You feel yourself moving faster!
You feel mighty!
You feel somewhat more hungry. The ogre hits you with a giant club!!
You die...

#.# #.# #.# ...
#.##########.#
#####.#........#.#
#.....#.######.#.#
#.....#.#.####.#.####
+...)..............>#
...)รท)....##.#.#.##.#
.###).....##.#.#@# .#
#......##.#.#O# +#
##.....##.#.#.#
#.....##.#.#.#
#......#<.#.#.#
##+#...####.#.# .....
#.# ..### #?#


You could see an ogre (bleeding).

Vanquished Creatures
  An orc priest (D:4)
  Ijyb (D:2)
  An orc wizard (D:4)
  3 adders
  3 worms
  8 giant geckos
  9 orcs
  A ball python (D:1)
  7 goblins
  6 hobgoblins
  7 kobolds
  A quokka (D:4)
  11 bats
  5 giant cockroaches
  2 giant newts (D:1)
  3 jackals (D:4)
  10 rats
79 creatures vanquished.

Notes
Turn   | Place    | Note
--------------------------------------------------------------
     0 | D:1      | Eldritch the Troll Berserker began the quest for the Orb.
     0 | D:1      | Reached XP level 1. HP: 22/22 MP: 0/0
   148 | D:1      | Reached XP level 2. HP: 27/29 MP: 1/1
   545 | D:1      | Acquired Trog's second power
   831 | D:2      | Reached XP level 3. HP: 36/36 MP: 2/2
  1209 | D:2      | Noticed Ijyb
  1217 | D:2      | Killed Ijyb
  1217 | D:2      | Reached XP level 4. HP: 45/45 MP: 3/3
  1670 | D:3      | Found an ancient bone altar of Kikubaaqudgha.
  1716 | D:3      | Found a bloodstained altar of Trog.
  1718 | D:3      | Found a burning altar of Makhleb.
  1718 | D:3      | Found a deep blue altar of Sif Muna.
  1719 | D:3      | Found a shattered altar of Ashenzari.
  1938 | D:3      | Reached skill level 4 in Unarmed Combat
  2343 | D:3      | You fall through a shaft!
  2420 | D:4      | Reached XP level 5. HP: 53/53 MP: 4/4
  2468 | D:4      | Found a staircase to the Ecumenical Temple.
  2609 | D:4      | Noticed an ogre
  2613 | D:4      | Demolished by an ogre

Vault maps used:
D:1:      minmay_arrival_hallway
D:2:      hangedman_decor_points, uniq_iyjb
D:3:      kiku_gazebo_garden_becter, grunt_temple_overflow_open,
          minmay_close_crescents
D:4:      gammafunk_temple_overflow_elements, minmay_temple_entry_hall,
          uniq_menkaure

Action                   |  1- 3 |  4- 6 || total
-------------------------+-------+-------++-------
Melee: Unarmed           |    88 |    88 ||   176
Invok: Berserk           |     1 |     4 ||     5
  Use: Scroll            |     2 |     2 ||     4
 Stab: Sleeping          |     2 |       ||     2
  Eat: Bread ration      |     2 |       ||     2
       Chunk             |     2 |     7 ||     9
       Fruit             |       |     3 ||     3
       Meat ration       |       |     1 ||     1
